 Dungeon Crawl Stone Soup version 0.23.0 (webtiles) character file.

Game seed: 3483219986823690156

139367 bmj180 the Severer (level 16, 0/147 HPs)
             Began as a Minotaur Fighter on Feb 10, 2019.
             Was the Champion of Nemelex Xobeh.
             Slain by a shambling mangrove (5 damage)
             ... on level 2 of the Swamp on Feb 11, 2019.
             The game lasted 01:53:32 (39040 turns).

bmj180 the Severer (Minotaur Fighter)              Turns: 39040, Time: 01:53:34

Health: 0/147      AC: 16    Str: 28    XL:     16   Next: 73%
Magic:  0/29       EV: 20    Int:  5    God:    Nemelex Xobeh [******]
Gold:   2764       SH:  7    Dex: 18    Spells: 15/15 levels left

rFire    . . .     SeeInvis .   a - +6 broad axe of Annihilation {flame, Dex+5}
rCold    . . .     Gourm    .   t - +0 buckler
rNeg     + . .     Faith    .   T - +4 moon troll leather armour {Spirit, Regen++ MP+5}
rPois    +         Spirit   +   (helmet restricted)
rElec    .         Reflect  .   U - +0 cloak
rCorr    .         Harm     .   v - +1 pair of gloves
MR       +....                  x - +0 pair of boots
Stlth    +.........             L - amulet of the acrobat
HPRegen  1.14/turn              m - ring "Ocecruf" {Wiz rN+ Str+3}
MPRegen  0.21/turn              X - ring of poison resistance

@: grasped by roots, very slightly contaminated, slowed, constricted, very slow
A: retaliatory headbutt, horns 2
a: Draw Escape, Draw Destruction, Draw Summoning, Triple Draw, Deal Four, Stack
Five, Renounce Religion


You were on level 2 of the Swamp.
You worshipped Nemelex Xobeh.
Nemelex Xobeh was exalted by your worship.
You were not hungry.

You visited 6 branches of the dungeon, and saw 29 of its levels.
You also visited: Gauntlet and Ice Cave.

You collected 2891 gold pieces.
You spent 127 gold pieces at shops.

Inventory:

Hand Weapons
 a - the +6 broad axe of Annihilation (weapon) {flame, Dex+5}
   (You took it off an orc knight on level 1 of the Orcish Mines)

   It has been specially enchanted to burn those struck by it, causing extra
   injury to most foes and up to half again as much damage against particularly
   susceptible opponents.
   Big, fiery blades are also staple armaments of hydra-hunters.
   It affects your dexterity (+5).
 b - a +6 broad axe of chaos
Missiles
 p - 24 javelins (quivered)
Armour
 i - +0 swamp dragon scales
 r - the +0 ring mail of Bitterness {rElec}
   (You found it on level 2 of the Lair of Beasts)

   It insulates you from electricity.
 t - a +0 buckler (worn)
 v - a +1 pair of gloves (worn)
 x - a +0 pair of boots (worn)
 T - the +4 moon troll leather armour (worn) {Spirit, Regen++ MP+5}
   (You found it in a Gauntlet)

   It affects your magic capacity (+5).
   It increases your rate of regeneration.
 U - a +0 cloak (worn)
 W - a +2 chain mail of fire resistance
Jewellery
 m - the ring "Ocecruf" (left hand) {Wiz rN+ Str+3}
   (You found it in a Gauntlet)

   [ring of wizardry]

   It improves your spell success rate.
   It affects your strength (+3).
   It protects you from negative energy.
 G - an uncursed ring of flight
 I - an uncursed ring of protection from magic
 L - an amulet of the acrobat (around neck)
 N - an uncursed ring of see invisible
 Q - an uncursed ring of ice
 X - a ring of poison resistance (right hand)
Wands
 c - a wand of flame (33)
 n - a wand of digging (4)
 s - a wand of disintegration (44)
 u - a wand of paralysis (5)
 F - a wand of acid (2)
 J - a wand of clouds (10)
 S - a wand of iceblast (23)
Scrolls
 g - a scroll of fog
 j - 6 scrolls of identify
 k - 3 scrolls of magic mapping
 A - 3 scrolls of enchant armour
 B - 7 scrolls of remove curse
 O - 8 scrolls of teleportation
 P - 4 scrolls of fear
Potions
 d - a potion of might
 f - a potion of magic {unknown}
 h - 3 potions of heal wounds
 l - 4 potions of haste
 q - 3 potions of agility
 z - 3 potions of mutation
 C - a potion of flight
 D - 7 potions of curing
 H - 2 potions of invisibility
 Y - a potion of resistance
Miscellaneous
 o - a fan of gales
 w - 2 sacks of spiders
Comestibles
 e - 33 rations


   Skills:
 + Level 14.4 Fighting
 + Level 19.1 Axes
 + Level 13.1 Armour
 * Level 13.6 Dodging
 + Level 10.3 Shields
 * Level 12.2 Invocations
 + Level 5.3 Evocations


You had 15 spell levels left.
You didn't know any spells.
Your spell library contained the following spells:

 Spells                   Type           Power        Failure   Level  Hunger
 Animate Skeleton         Necr           N/A          22%         1    ##.....
 Apportation              Tloc           #.....       22%         1    ##.....
 Beastly Appendage        Tmut           #.....       22%         1    ##.....
 Confusing Touch          Hex            #.....       22%         1    ##.....
 Pain                     Necr           #...         22%         1    ##.....
 Summon Butterflies       Summ           #.......     22%         1    ##.....
 Summon Small Mammal      Summ           #...         22%         1    ##.....
 Poisonous Vapours        Pois/Air       #.....       32%         2    ###....
 Sticks to Snakes         Tmut           #.......     32%         2    ###....
 Confuse                  Hex            #.......     52%         3    ####...
 Conjure Flame            Conj/Fire      #.......     52%         3    ####...
 Gell's Gravitas          Tloc           #.........   52%         3    ####...
 Lesser Beckoning         Tloc           #.........   52%         3    ####...
 Mephitic Cloud           Conj/Pois/Air  #.......     52%         3    ####...
 Recall                   Summ/Tloc      N/A          52%         3    ####...
 Regeneration             Chrm/Necr      #.........   52%         3    ####...
 Spider Form              Tmut/Pois      #.........   52%         3    ####...
 Tukima's Dance           Hex            #.......     52%         3    ####...
 Vampiric Draining        Necr           #.........   52%         3    ####...
 Animate Dead             Necr           N/A          89%         4    #####..
 Cause Fear               Hex            #.........   89%         4    #####..
 Ice Form                 Ice/Tmut       #.......     89%         4    #####..
 Petrify                  Tmut/Erth      #.......     89%         4    #####..
 Alistair's Intoxication  Tmut/Pois      #.......     99%         5    ######.
 Blade Hands              Tmut           #.........   99%         5    ######.
 Bolt of Magma            Conj/Fire/Erth #.........   99%         5    ######.
 Borgnjor's Vile Clutch   Necr/Erth      #.........   99%         5    ######.
 Iskenderun's Battlesphe  Conj/Chrm      #.......     99%         5    ######.
 Metabolic Englaciation   Hex/Ice        #.........   99%         5    ######.
 Silence                  Hex/Air        #.........   99%         5    ######.
 Venom Bolt               Conj/Pois      #.........   99%         5    ######.
 Yara's Violent Unravell  Hex/Tmut       #.........   99%         5    ######.
 Bolt of Cold             Conj/Ice       #.........   100%        6    #######
 Death Channel            Necr           #.........   100%        6    #######
 Deflect Missiles         Chrm/Air       #.........   100%        6    #######
 Freezing Cloud           Conj/Ice/Air   #.........   100%        6    #######
 Invisibility             Hex            #.......     100%        6    #######
 Iron Shot                Conj/Erth      #.........   100%        6    #######
 Ozocubu's Refrigeration  Ice            #.........   100%        6    #######
 Simulacrum               Ice/Necr       #.........   100%        6    #######
 Orb of Destruction       Conj           #.........   100%        7    #######
 Ring of Flames           Chrm/Fire      #.........   100%        7    #######
 Spellforged Servitor     Conj/Summ      #.........   100%        7    #######
 Discord                  Hex            #.........   100%        8    #######


Dungeon Overview and Level Annotations

Branches:
Dungeon (15/15)            Temple (1/1) D:4            Lair (6/6) D:9
  Swamp (2/4) Lair:4        Snake (3/4) Lair:3        Slime (0/5) Lair:5
    Orc (2/2) D:11            Elf (0/3) Orc:2        Vaults (0/5) D:14
 Depths (0/5) D:15

Altars:
Ashenzari
Cheibriados
Dithmenos
Elyvilon
Fedhas
Gozag
Hepliaklqana
Kikubaaqudgha
Makhleb
Nemelex Xobeh
Okawaru
Qazlal
Ru
Sif Muna
Trog
Uskayaw
Vehumet
Wu Jian
Xom
Yredelemnul
Zin
The Shining One

Shops:
D:13 *   Orc:2 ?%*%

Annotations:
Lair:4 exclusion: oklob plant
Orc:1 exclusion: oklob plant


Innate Abilities, Weirdness & Mutations

You reflexively headbutt those who attack you in melee.
You have a pair of horns on your head.


Message History

Roots burst forth from the earth!
The grasping roots grab you!
* * * LOW HITPOINT WARNING * * *
The grasping roots constrict you!
The spectral anaconda closely misses you.
The spriggan rider hits your +2 demon trident "Newtslayer" {vamp, Int+5} with a +0 spear of freezing!
You feel much better.
The spectral spiny frog fades away!
The spectral anaconda fades away!
The hornet stings you!
* * * LOW HITPOINT WARNING * * *
Your +2 demon trident "Newtslayer" {vamp, Int+5} hits the spriggan rider!
The hornet dies!
The spriggan falls from its now dead mount.
Your +2 demon trident "Newtslayer" {vamp, Int+5} is healed.
* * * LOW HITPOINT WARNING * * *
The grasping roots constrict you!! You block the hornet's attack.
Your +2 demon trident "Newtslayer" {vamp, Int+5} hits the spriggan.
The spriggan dies!
You hear a splash. x2
You die...
Your body glows with a rainbow of weird colours and disappears.

≈≈≈≈..≈.♣♣°°☼≈♣
≈≈≈...†≈°≈○≈°§♣♣♣
♣((○°○...... .≈≈..
♣♣≈Z○○..≈≈≈. ≈≈≈...
♣♣♣≈.≈≈≈≈≈≈≈
.≈≈≈≈≈♣♣.§nf≈≈≈≈≈≈≈
♣≈≈≈≈♣♣.(tZ≈≈≈≈≈≈≈
♣♣♣...♣♣...y≈≈≈≈≈≈≈
♣.....≈...@.≈≈≈≈≈≈≈
♣........≈≈≈≈≈≈.♣≈.
♣♣..≈≈≈.≈≈≈≈≈§..♣ ♣
♣..≈≈≈≈...≈≈≈..≈≈♣
♣.≈≈≈.♣♣♣♣♣..♣.≈.≈.
♣♣.≈≈.♣♣♣♣♣♣≈.≈≈≈.≈
♣≈...≈...♣ ♣♣..§.
♣♣♣♣♣.....♣♣ .≈..
♣.≈♣....≈≈.♣


You could see a shambling mangrove, a ghost crab, a spectral eight-headed hydra,
a spectral six-headed hydra, a bog body, a hornet and a friendly +2 demon
trident "Newtslayer" {vamp, Int+5}.

Vanquished Creatures
  A quicksilver dragon (IceCv)
  3 nagarajas
  The ghost of Kaapibboa the Black Belt, a journeyman TeMo of Makhleb (Orc:1)
  A minotaur (Gauntlet)
  2 great orbs of eyes (Gauntlet)
  A great orb of eyes (shapeshifter) (D:15)
  6 naga warriors
  A ghost crab (Swamp:2)
  4 hydras
  2 catoblepae
  4 anacondas
  8 two-headed ogres
  5 centaur warriors
  4 alligators (Swamp:1)
  4 death yaks (Lair:1)
  2 tengu warriors
  Urug (Lair:2)
  6 naga sharpshooters
  The ghost of feelmyfire the Grappler, a journeyman VSEn of Qazlal (D:9)
  Sonja (Lair:2)
  A salamander mystic (Snake:3)
  An unseen horror (D:7)
  A deep troll (shapeshifter) (D:14)
  6 sea snakes (Snake:3)
  3 swamp dragons (Swamp:1)
  7 mana vipers
  3 naga ritualists
  5 orc knights
  A deep elf mage (D:12)
  2 wolf spiders
  17 ugly things
  2 cyclopes
  2 manticores (D:14)
  7 elephants
  A moth of wrath (Orc:1)
  5 salamanders
  11 naga magi
  2 guardian serpents
  19 black mambas
  An ice statue (IceCv)
  A torpor snail (Lair:2)
  4 centaur skeletons
  3 gargoyles
  A minotaur zombie (Gauntlet)
  7 komodo dragons
  12 spiny frogs
  5 rime drakes
  A yaktaur (Lair:1)
  A komodo dragon (shapeshifter) (D:13)
  A freezing wraith (D:14)
  An efreet (D:14)
  3 tyrant leeches
  A tengu conjurer (D:14)
  17 polar bears
  3 trolls
  2 wind drakes (shapeshifter) (D:14)
  12 hippogriffs
  5 hornets (Lair:6)
  3 bog bodies
  A dream sheep (Lair:6)
  9 blink frogs
  A meliai zombie (D:13)
  Sigmund (D:3)
  4 wyverns
  2 shadows
  14 spriggans (Lair:6)
  3 basilisks
  A steam dragon (D:9)
  48 yaks
  5 hungry ghosts
  6 vampire mosquitoes (Swamp:1)
  21 nagas
  8 swamp worms
  5 insubstantial wisps
  A soldier ant (shapeshifter) (D:14)
  11 water moccasins
  3 swamp drakes (Swamp:1)
  10 porcupines
  5 sky beasts
  An eye of draining (Lair:5)
  5 black bears
  38 orc warriors
  A hornet zombie (D:10)
  6 ice beasts
  2 phantoms
  36 wolves
  4 boggarts (Lair:6)
  12 ogres
  A necrophage (D:10)
  20 centaurs
  19 crocodiles
  A big kobold (D:14)
  18 bullfrogs
  A gnoll sergeant (D:8)
  A wyvern zombie (D:10)
  2 wyvern skeletons
  5 scorpions
  4 killer bees (D:12)
  5 wights (D:12)
  2 electric eels
  8 crimson imps
  3 centaur zombies
  A bullfrog zombie (D:7)
  A quasit (D:6)
  5 hounds
  3 jellies
  21 orc wizards
  11 orc priests
  3 bullfrog skeletons
  A gnoll shaman (D:4)
  Ijyb (D:3)
  2 iguanas
  13 worker ants
  A hound skeleton (D:9)
  A hound zombie (D:11)
  2 worker ant zombies
  9 gnolls
  28 adders
  4 shadow imps
  12 white imps (Orc:1)
  An ooze (D:3)
  4 adder skeletons
  A worm (D:2)
  3 dart slugs
  11 leopard geckos
  78 orcs
  8 giant cockroaches
  10 goblins
  10 hobgoblins
  5 jackals (D:1)
  17 kobolds
  2 quokkas
  A ball python (D:4)
  A ball python skeleton (D:4)
  7 bats
  7 frilled lizards
  A jackal skeleton (D:4)
  5 rats
  7 fungi
  13 plants
903 creatures vanquished.

Vanquished Creatures (collateral kills)
  5 hydras
  2 two-headed ogres
  A death yak (Lair:1)
  An orc knight (Orc:1)
  4 ugly things
  An eye of devastation (Lair:5)
  A torpor snail (Lair:1)
  4 spiny frogs
  A tengu conjurer (Gauntlet)
  A hornet (Swamp:2)
  A dream sheep (Lair:6)
  A spriggan (Swamp:2)
  A basilisk (Lair:1)
  A porcupine (Lair:2)
  4 wolves (Lair:6)
  A crocodile (Lair:2)
  5 wights (D:11)
  An adder (Lair:3)
  2 orcs (D:11)
  A hobgoblin (D:11)
39 creatures vanquished.

Vanquished Creatures (others)
  A spiny frog (Lair:1)
  A hippogriff (Lair:1)
  A spriggan (Swamp:2)
  3 insubstantial wisps (Swamp:2)
  A wolf (IceCv)
  A bush (Lair:3)
  6 demonic plants (Gauntlet)
  34 fungi
  32 plants
80 creatures vanquished.

Grand Total: 1022 creatures vanquished

Notes
Turn   | Place    | Note
-------+----------+-------------------------------------------
     0 | D:1      | bmj180 the Minotaur Fighter began the quest for the Orb.
     0 | D:1      | Reached XP level 1. HP: 19/19 MP: 0/0
   178 | D:1      | Reached XP level 2. HP: 26/27 MP: 1/1
   511 | D:1      | Reached skill level 3 in Axes
   511 | D:1      | Reached XP level 3. HP: 32/33 MP: 2/2
   512 | D:1      | Reached skill level 1 in Dodging
  1652 | D:2      | Found a glowing golden altar of the Shining One.
  2145 | D:3      | Reached XP level 4. HP: 40/40 MP: 3/3
  2213 | D:3      | Noticed Ijyb
  2220 | D:3      | Killed Ijyb
  2220 | D:3      | Reached skill level 4 in Axes
  2323 | D:3      | Noticed Sigmund
  2340 | D:3      | Killed Sigmund
  2340 | D:3      | Reached skill level 5 in Axes
  2340 | D:3      | Reached XP level 5. HP: 25/47 MP: 4/4
  2340 | D:3      | Reached XP level 6. HP: 29/53 MP: 5/5
  2453 | D:3      | Found a sparkling altar of Nemelex Xobeh.
  2459 | D:3      | Became a worshipper of Nemelex Xobeh the Trickster
  2715 | D:3      | Received a gift from Nemelex Xobeh
  2815 | D:4      | Found a staircase to the Ecumenical Temple.
  2833 | Temple   | Entered the Ecumenical Temple
  3354 | D:4      | Reached skill level 6 in Axes
  3548 | D:4      | Found a hide-covered altar of Uskayaw.
  3655 | D:4      | Reached skill level 1 in Invocations
  3657 | D:4      | Reached XP level 7. HP: 60/60 MP: 6/6
  3746 | D:4      | Reached skill level 5 in Armour
  3746 | D:4      | Reached skill level 1 in Evocations
  4226 | D:5      | Entered Level 5 of the Dungeon
  4244 | D:5      | Reached skill level 7 in Axes
  4332 | D:5      | Received a gift from Nemelex Xobeh
  4518 | D:5      | Reached * piety under Nemelex Xobeh
  5039 | D:6      | Reached XP level 8. HP: 67/67 MP: 8/8
  5083 | D:6      | Reached skill level 5 in Fighting
  5083 | D:6      | Reached skill level 8 in Axes
  5225 | D:6      | Reached ** piety under Nemelex Xobeh
  5400 | D:6      | Found a blossoming altar of Fedhas.
  5707 | D:7      | Found a stormy altar of Qazlal.
  5842 | D:7      | Found a bloodstained altar of Trog.
  5843 | D:7      | Found a hazy altar of Hepliaklqana.
  5843 | D:7      | Received a gift from Nemelex Xobeh
  6041 | D:7      | Found an ancient bone altar of Kikubaaqudgha.
  6280 | D:7      | Reached skill level 9 in Axes
  6348 | D:7      | Killed an unseen horror
  6348 | D:7      | Reached XP level 9. HP: 10/74 MP: 10/10
  6695 | D:7      | You fall through a shaft!
  6957 | D:8      | Reached skill level 10 in Axes
  7309 | D:8      | Found a sacrificial altar of Ru.
  7313 | D:8      | Found a hide-covered altar of Uskayaw.
  7397 | D:8      | HP: 3/75 [poisoned by an orc wizard]
  7402 | D:8      | HP: 2/75 [poisoned by an orc wizard]
  7409 | D:8      | HP: 2/75 [poisoned by an orc wizard]
  7417 | D:8      | HP: 2/75 [poisoned by an orc wizard]
  7840 | D:8      | Reached skill level 5 in Shields
  8144 | D:7      | Reached skill level 5 in Dodging
  8403 | D:8      | Received a gift from Nemelex Xobeh
  8801 | D:8      | Reached skill level 11 in Axes
  8801 | D:8      | Reached XP level 10. HP: 83/83 MP: 12/12
  9106 | D:9      | Found a large runed translucent door.
  9107 | D:9      | Found a large runed translucent door.
  9109 | D:9      | Noticed feelmyfire's ghost (journeyman VSEn)
  9195 | D:9      | Found a staircase to the Lair.
  9208 | D:9      | Reached *** piety under Nemelex Xobeh
  9208 | D:9      | Received a gift from Nemelex Xobeh
  9495 | D:9      | Reached skill level 5 in Invocations
  9652 | D:9      | Noticed a two-headed ogre
  9668 | D:9      | Killed a two-headed ogre
  9668 | D:9      | Reached skill level 12 in Axes
 10141 | D:9      | Received a gift from Nemelex Xobeh
 10526 | D:10     | Entered Level 10 of the Dungeon
 10572 | D:10     | Reached **** piety under Nemelex Xobeh
 10572 | D:10     | Received a gift from Nemelex Xobeh
 11050 | D:10     | Reached XP level 11. HP: 89/92 MP: 14/14
 11088 | D:10     | Reached skill level 5 in Evocations
 11567 | D:11     | Noticed a green ugly thing
 11569 | D:11     | Received a gift from Nemelex Xobeh
 11579 | D:11     | Killed a green ugly thing
 11581 | D:11     | Noticed a two-headed ogre
 11581 | D:11     | Killed a two-headed ogre
 11704 | D:11     | Found a staircase to the Orcish Mines.
 11710 | D:11     | Reached skill level 13 in Axes
 12985 | D:12     | Noticed a cyan ugly thing
 13013 | D:12     | Killed a cyan ugly thing
 13121 | D:12     | Noticed a two-headed ogre
 13135 | D:12     | Killed a two-headed ogre
 13136 | D:12     | Received a gift from Nemelex Xobeh
 13417 | D:12     | Reached ***** piety under Nemelex Xobeh
 13437 | D:12     | Noticed a cyan ugly thing
 13453 | D:12     | Killed a cyan ugly thing
 13843 | D:12     | Noticed a deep elf mage
 13859 | D:12     | Killed a deep elf mage
 14034 | D:12     | Noticed a two-headed ogre
 14040 | D:12     | Killed a two-headed ogre
 14224 | Lair:1   | Entered Level 1 of the Lair of Beasts
 14287 | Lair:1   | Received a gift from Nemelex Xobeh
 14422 | Lair:1   | HP: 3/94 [spiny frog (12)]
 14859 | Lair:1   | Reached XP level 12. HP: 103/103 MP: 16/16
 14935 | Lair:1   | Reached skill level 14 in Axes
 15621 | Lair:1   | Noticed a death yak
 15626 | Lair:1   | Noticed a death yak
 15627 | Lair:1   | Noticed a death yak
 15633 | Lair:1   | Noticed a death yak
 15636 | Lair:1   | Noticed a death yak
 15649 | Lair:1   | Reached skill level 10 in Armour
 15656 | Lair:1   | Killed a death yak
 15662 | Lair:1   | Killed a death yak
 15677 | Lair:1   | Killed a death yak
 15684 | Lair:1   | Killed a death yak
 15684 | Lair:1   | Killed a death yak
 16005 | Lair:1   | Received a gift from Nemelex Xobeh
 16452 | Lair:2   | Noticed Harold
 16452 | Lair:2   | Noticed Urug
 16453 | Lair:2   | Identified the +1 long sword "Worm's Wrath" {flame, rF+}
 16494 | Lair:1   | Noticed Harold
 16494 | Lair:1   | Harold changed into Harold the yaktaur
 16497 | Lair:1   | Killed Harold the yaktaur
 16822 | Lair:2   | Killed Urug
 17065 | Lair:2   | Noticed Sonja
 17067 | Lair:2   | Killed Sonja
 17263 | Lair:2   | Received a gift from Nemelex Xobeh
 17267 | Lair:2   | Got a distressingly furry ring mail
 17278 | Lair:2   | Identified the cursed +0 ring mail of Bitterness {rElec}
                  | (You found it on level 2 of the Lair of Beasts)
 18205 | Lair:3   | Received a gift from Nemelex Xobeh
 18317 | Lair:3   | Reached XP level 13. HP: 112/112 MP: 18/18
 19091 | Lair:3   | Found a staircase to the Snake Pit.
 19126 | Lair:3   | Reached skill level 15 in Axes
 19392 | Lair:3   | Received a gift from Nemelex Xobeh
 19523 | Lair:3   | Reached skill level 10 in Fighting
 20037 | Lair:4   | Received a gift from Nemelex Xobeh
 20048 | Lair:4   | Reached ****** piety under Nemelex Xobeh
 20384 | Lair:4   | Found a staircase to the Swamp.
 20960 | Lair:4   | Found a white marble altar of Elyvilon.
 21360 | Lair:4   | Received a gift from Nemelex Xobeh
 21667 | Lair:5   | Received a gift from Nemelex Xobeh
 21839 | Lair:5   | Found a staircase to the Slime Pits.
 21911 | Lair:5   | Received a gift from Nemelex Xobeh
 22301 | Lair:6   | Entered Level 6 of the Lair of Beasts
 22494 | Lair:6   | Reached skill level 16 in Axes
 22663 | Lair:6   | Received a gift from Nemelex Xobeh
 22888 | Lair:6   | Reached skill level 10 in Dodging
 23040 | Lair:6   | Reached XP level 14. HP: 99/122 MP: 16/20
 23641 | Lair:6   | Received a gift from Nemelex Xobeh
 24576 | D:13     | Found Isiv's General Store.
 25110 | D:14     | Reached skill level 10 in Invocations
 25125 | D:14     | Found a gate to the Vaults.
 25519 | D:14     | Received a gift from Nemelex Xobeh
 26063 | D:14     | Reached skill level 17 in Axes
 26284 | D:14     | Received a gift from Nemelex Xobeh
 26790 | D:15     | Entered Level 15 of the Dungeon
 27208 | D:15     | Received a gift from Nemelex Xobeh
 27298 | D:15     | Found a staircase to the Depths.
 27314 | D:15     | Identified the -1 long sword "Weupt" {slice, +Blink}
 27323 | D:15     | Noticed an entropy weaver
 27323 | D:15     | a queen ant changed into an entropy weaver
 27333 | D:15     | an entropy weaver changed into a great orb of eyes
 28391 | Orc:1    | Entered Level 1 of the Orcish Mines
 28405 | Orc:1    | Found a frozen archway.
 28422 | Orc:1    | Received a gift from Nemelex Xobeh
 28479 | IceCv    | Entered an ice cave
 29003 | IceCv    | Got a ripped robe
 29028 | IceCv    | Reached XP level 15. HP: 132/132 MP: 21/21
 29049 | IceCv    | Identified the +1 robe "Pacoit" {Str+2} (You found it in an
                  | ice cave)
 29454 | IceCv    | Noticed a frost giant
 29488 | IceCv    | Noticed a quicksilver dragon
 29488 | IceCv    | a frost giant changed into a quicksilver dragon
 29491 | IceCv    | Killed a quicksilver dragon
 30160 | Orc:1    | Found a transporter.
 30312 | Orc:1    | Found a transporter.
 30317 | Orc:1    | Found a bloodstained altar of Trog.
 30317 | Orc:1    | Identified the +6 broad axe of Annihilation {flame, Dex+5}
 30317 | Orc:1    | Noticed Kaapibboa's ghost (journeyman TeMo)
 30329 | Orc:1    | Identified the +7 demon whip of Reason {flame, rC+}
 30443 | Orc:1    | Received a gift from Nemelex Xobeh
 31063 | D:9      | Killed feelmyfire's ghost
 31273 | Orc:2    | Entered Level 2 of the Orcish Mines
 31400 | Orc:2    | Found a gate leading to a gauntlet.
 31488 | Gauntlet | Entered a Gauntlet
 31488 | Gauntlet | Found a transporter.
 31488 | Gauntlet | Found a transporter.
 31488 | Gauntlet | Found a transporter.
 31489 | Gauntlet | Found a transporter.
 31492 | Gauntlet | Found a transporter.
 31492 | Gauntlet | Found a transporter.
 31502 | Gauntlet | Found a transporter.
 31506 | Gauntlet | Found a transporter.
 31508 | Gauntlet | Found a large runed translucent door.
 31509 | Gauntlet | Found a large runed translucent door.
 31510 | Gauntlet | Found a large runed translucent door.
 31510 | Gauntlet | Found a large runed translucent door.
 31510 | Gauntlet | Found a runed translucent door.
 31510 | Gauntlet | Found a runed translucent door.
 31511 | Gauntlet | Found a large runed translucent door.
 31511 | Gauntlet | Found a large runed translucent door.
 31511 | Gauntlet | Found a large runed translucent door.
 31511 | Gauntlet | Found a large runed translucent door.
 31512 | Gauntlet | Found a large runed translucent door.
 31512 | Gauntlet | Found a large runed translucent door.
 31513 | Gauntlet | Found a large runed translucent door.
 31513 | Gauntlet | Found a large runed translucent door.
 31514 | Gauntlet | Found a runed translucent gate.
 31514 | Gauntlet | Found a runed translucent gate.
 31514 | Gauntlet | Found a runed translucent gate.
 31516 | Gauntlet | Found a transporter.
 31527 | Gauntlet | Found a large runed translucent door.
 31528 | Gauntlet | Found a large runed translucent door.
 31537 | Gauntlet | Found a large runed translucent door.
 31537 | Gauntlet | Found a large runed translucent door.
 31621 | Gauntlet | Found a transporter.
 31621 | Gauntlet | Found a transporter.
 31631 | Gauntlet | Found a transporter.
 31762 | Gauntlet | Reached skill level 18 in Axes
 31783 | Gauntlet | Got a scintillating tin ring
 31785 | Gauntlet | Identified the ring "Ocecruf" {Wiz rN+ Str+3} (You found it
                  | in a Gauntlet)
 31994 | Gauntlet | Found the +4 moon troll leather armour {Spirit, Regen++
                  | MP+5}
 32525 | Orc:2    | Found a staircase to the Elven Halls.
 32559 | Orc:2    | Received a gift from Nemelex Xobeh
 33356 | Orc:2    | Found a deep blue altar of Sif Muna.
 33609 | Orc:2    | Found Cuxilout's Food Shoppe.
 33609 | Orc:2    | Found Wiluu's General Store.
 33611 | Orc:2    | Found Kunn's Food Shop.
 33613 | Orc:2    | Found Xeag's Magic Scroll Emporium.
 33617 | Orc:2    | Bought a scroll of enchant weapon for 127 gold pieces
 33907 | Orc:1    | Killed Kaapibboa's ghost
 34290 | Snake:1  | Entered Level 1 of the Snake Pit
 34438 | Snake:1  | Received a gift from Nemelex Xobeh
 34848 | Snake:1  | Found a shimmering altar of Xom.
 35535 | Snake:2  | Received a gift from Nemelex Xobeh
 35581 | Snake:2  | Reached XP level 16. HP: 121/144 MP: 14/23
 35824 | Snake:2  | You fall through a shaft!
 35908 | Snake:3  | Received a gift from Nemelex Xobeh
 36129 | Snake:2  | Received a gift from Nemelex Xobeh
 36361 | Snake:2  | Reached skill level 10 in Shields
 36506 | Snake:2  | Received a gift from Nemelex Xobeh
 38325 | Swamp:1  | Entered Level 1 of the Swamp
 38340 | Swamp:1  | Received a gift from Nemelex Xobeh
 38421 | Swamp:1  | Reached skill level 19 in Axes
 39039 | Swamp:2  | Identified the +2 demon trident "Newtslayer" {vamp, Int+5}
 39040 | Swamp:2  | HP: 5/147 [shambling mangrove (22)]
 39040 | Swamp:2  | Slain by a shambling mangrove

Skill      XL: |  1  2  3  4  5  6  7  8  9 10 11 12 13 14 15 16 |
---------------+-------------------------------------------------+-----
Shields        | 4 5 6 7 8 9 10 | 10.3
Axes           | 3 5 6 7 9 11 12 13 14 16 17 18 19 | 19.1
Dodging        | 1 2 3 4 5 6 7 8 10 11 12 13 | 13.6
Armour         | 4 5 6 7 8 9 11 12 13 | 13.1
Fighting       | 4 5 6 7 8 9 10 12 13 14 | 14.4
Invocations    | 1 2 3 4 5 7 8 9 10 11 12 | 12.2
Evocations     | 1 3 4 5 |  5.3

Action                   |  1- 3 |  4- 6 |  7- 9 | 10-12 | 13-15 | 16-18 || total
-------------------------+-------+-------+-------+-------+-------+-------++-------
Melee: War axe           |   125 |   136 |   296 |   217 |       |       ||   774
       Headbutt          |    13 |    25 |    55 |   149 |   270 |    75 ||   587
       Hand axe          |       |       |       |   419 |       |       ||   419
       Broad axe         |       |       |       |    84 |  1262 |   280 ||  1626
 Abil: Draw Destruction  |       |       |       |    22 |     7 |       ||    29
       Draw Summoning    |       |       |       |    12 |    14 |     1 ||    27
       Evoke Flight      |       |       |       |       |     1 |       ||     1
Evoke: Wand              |       |       |       |    11 |    16 |       ||    27
  Use: Scroll            |       |       |     4 |    19 |    10 |     4 ||    37
       Potion            |       |       |       |     5 |     1 |     5 ||    11
 Stab: Petrified         |       |       |       |     8 |     5 |       ||    13
       Distracted        |       |       |       |       |     2 |       ||     2
       Paralysed         |       |       |       |       |     9 |       ||     9
       Sleeping          |       |       |       |       |     2 |       ||     2
       Confused          |       |       |       |       |     1 |       ||     1
  Eat: Chunk             |     3 |     6 |     9 |    17 |    19 |     3 ||    57
       Ration            |       |       |     2 |     6 |    11 |     2 ||    21
Armor: Scale mail        |    38 |       |       |       |       |       ||    38
       Chain mail        |     1 |    64 |   171 |   230 |   253 |       ||   719
       Ring mail         |       |       |       |     7 |   126 |       ||   133
       Troll leather arm |       |       |       |       |    48 |    45 ||    93
Dodge: Dodged            |    44 |    51 |    84 |   289 |   736 |   230 ||  1434
Block: Shield            |    58 |    23 |       |       |       |       ||    81
       Buckler           |       |    22 |    41 |   142 |   301 |    68 ||   574
